 Dungeon Crawl Stone Soup version 0.28.0-45-g0d030f2227 (webtiles) character file.

Game seed: 10953001436537840211

100 McKennaii the Shield-Bearer (level 4, -5/38 HPs)
             Began as a Demigod Fighter on Apr 18, 2022.
             Slain by Natasha (6 damage)
             ... on level 2 of the Dungeon.
             The game lasted 00:01:54 (1585 turns).

McKennaii the Shield-Bearer (Demigod Fighter)       Turns: 1585, Time: 00:01:54

Health: -5/38      AC:  7    Str: 21    XL:     4   Next: 23%
Magic:  6/6        EV:  9    Int: 10    God:
Gold:   68         SH:  5    Dex: 13    Spells: 3/3 levels left

rFire   . . .      SeeInvis .   a - +0 trident
rCold   . . .      Faith    .   c - +0 buckler
rNeg    . . .      Spirit   .   b - +1 scale mail
rPois   .          Reflect  .   (no helmet)
rElec   .          Harm     .   (no cloak)
rCorr   .          Rampage  .   (no gloves)
Will    .....                   (no boots)
Stlth   ..........              (no amulet)
HPRegen 0.12/turn               (no ring)
MPRegen 0.10/turn               (no ring)

@: flying, slowed, very slow
A: high MP 1, forlorn, divine attributes
a: no special abilities


You were on level 2 of the Dungeon.
You visited 1 branch of the dungeon, and saw 2 of its levels.

You collected 68 gold pieces.

Inventory:

Hand Weapons
 a - a +0 trident (weapon)
Armour
 b - a +1 scale mail (worn)
 c - a +0 buckler (worn)
Scrolls
 e - 2 scrolls of identify {unknown}
 f - 2 scrolls of enchant armour
 g - 2 scrolls of magic mapping {unknown}
Potions
 d - a potion of might


   Skills:
 + Level 3.3 Fighting
 + Level 2.6 Polearms
 + Level 3.3 Armour
 + Level 3.3 Shields


You had 3 spell levels left.
You didn't know any spells.
Your spell library was empty.

Dungeon Overview and Level Annotations

Branches:
Dungeon (2/15)

Annotations:
D:2 Natasha


Innate Abilities, Weirdness & Mutations

You have an increased reservoir of magic. (+10% MP)
You shall have no god before yourself.
Your divine heritage dramatically boosts your attributes as you level up.


Message History

The endoplasm freezes you.
You are frozen.
* * * LOW HITPOINT WARNING * * *
The crimson imp closely misses you.
It was a potion of flight.
You feel very buoyant.
You fly up into the air.
Natasha barely misses you. The endoplasm barely misses you.
The crimson imp hits you but does no damage.
Natasha stares at you and mumbles some strange words.
The magic dart hits you.
* * * LOW HITPOINT WARNING * * *
Reach: a) +0 trident
Press: ? - help, Dir - move target, f/p - Natasha
Aim: Natasha (almost dead, about 50% to evade your +0 trident)
You hit Natasha.
You kill Natasha!
Natasha screams in fury as she dies!
The crimson imp disappears in a puff of smoke!
The endoplasm closely misses you.
The endoplasm hits you but does no damage.
You have reached level 4!
The endoplasm jiggles.
The endoplasm closely misses you. You block the endoplasm's attack.
Natasha, Servant of Life and Death comes into view.
Natasha hisses angrily.
The endoplasm freezes you.
You are frozen.
* * * LOW HITPOINT WARNING * * *
Natasha mewls in sadness.
The endoplasm freezes you.
You are frozen.
* * * LOW HITPOINT WARNING * * *
Okay, then.
As you read the scroll labelled COW AWANTAOQO, it crumbles to dust.
It is a scroll of enchant armour.
Your +0 scale mail glows green for a moment.
Natasha claws you.
You die...

...#.>.........##.†....#
...#..#####.......###.......
......# #........## ........
...##.##..##..#..###.#......
.........###..#...#..#......
#####.#.............#.......
####....#...................
......##........Jh..##......
#............(..@..## .
#...^...................
.<.##...................
...............#.#..####
........#.....).....# ##
..(..#..##..........###########..
...###...#..........##..........#
... #....÷....................##
.. #..##.........<......÷.....#


You could see Natasha and an endoplasm.

Vanquished Creatures
  Natasha (twice) (D:2)
  An adder (D:2)
  A worm (D:2)
  An orc (D:2)
  A ball python (D:2)
  An endoplasm (D:2)
  A giant cockroach (D:1)
  10 jackals (D:1)
  2 quokkas
  2 bats (D:2)
  6 frilled lizards
  4 goblins (D:1)
  4 kobolds
  A rat (D:1)
37 creatures vanquished.

Notes
Turn   | Place    | Note
-------+----------+-------------------------------------------
     0 | D:1      | McKennaii the Demigod Fighter began the quest for the Orb.
     0 | D:1      | Reached XP level 1. HP: 18/18 MP: 3/3
   215 | D:1      | Reached XP level 2. HP: 11/25 MP: 4/4
   819 | D:2      | Noticed Natasha
   884 | D:2      | Killed Natasha
   885 | D:2      | Reached XP level 3. HP: 4/31 MP: 5/5
  1561 | D:2      | Noticed Natasha
  1577 | D:2      | Killed Natasha
  1578 | D:2      | Reached XP level 4. HP: 3/38 MP: 6/6
  1582 | D:2      | Noticed Natasha
  1584 | D:2      | HP: 1/38 [frozen (1)]
  1585 | D:2      | Slain by Natasha

Illustrated notes

Levels and vault maps discovered:
D:1:      shiori_arrival_elements, layout_basic, basic_ecumenical_altar
D:2:      layout_rooms, uniq_natasha

Skill      XL: |  1  2 |
---------------+-------+-----
Polearms       | 2 |  2.6
Armour         | 3 |  3.3
Shields        | 3 |  3.3
Fighting       | 3 |  3.3

Action                   |  1- 3 |  4- 6 || total
-------------------------+-------+-------++-------
Melee: Trident           |   165 |       ||   165
  Use: Potion            |     1 |       ||     1
       Scroll            |       |     1 ||     1
Armor: Scale mail        |   126 |       ||   126
Dodge: Dodged            |   141 |     1 ||   142
Block: Buckler           |    52 |     1 ||    53
